 Dungeon Crawl Stone Soup version 0.28-a0-691-gad6df49e81 (webtiles) character file.

Game seed: 16903637806477575625

751 RepHenryClay the Chopper (level 7, 0/62 HPs)
             Began as a Naga Fighter on Oct 21, 2021.
             Was an Initiate of Cheibriados.
             Succumbed to a water moccasin's poison
             ... on level 6 of the Dungeon.
             The game lasted 00:07:48 (5967 turns).

RepHenryClay the Chopper (Naga Fighter)             Turns: 5967, Time: 00:07:49

Health: 0/62       AC: 11    Str: 22    XL:     7   Next: 78%
Magic:  9/9        EV:  8    Int:  9    God:    Cheibriados [......]
Gold:   270        SH:  4    Dex: 13    Spells: 6/6 levels left

rFire   . . .      SeeInvis +   a - +0 war axe
rCold   . . .      Faith    .   c - +0 buckler
rNeg    . . .      Spirit   .   e - +3 ring mail
rPois   +          Reflect  .   (no helmet)
rElec   .          Harm     .   (no cloak)
rCorr   .          Rampage  .   i - +2 pair of gloves
Will    .....                   (no barding)
Stlth   +.........              (no amulet)
HPRegen 0.20/turn               (no ring)
MPRegen 0.11/turn               (no ring)

@: brilliant, lethally poisoned (0 -> -2), very slow
A: AC +2, large, see invisible, deformed body, poison resistance, slowness 2,
spit poison 1, naga tail 1, agile 1, mutation resistance 1
a: Spit Poison, Renounce Religion, Bend Time


You were on level 6 of the Dungeon.
You worshipped Cheibriados.
Cheibriados was noncommittal.
You visited 2 branches of the dungeon, and saw 7 of its levels.

You collected 270 gold pieces.

Inventory:

Hand Weapons
 a - a +0 war axe (weapon)
Missiles
 k - 20 poisoned darts (quivered)
Armour
 c - a +0 buckler (worn)
 e - a +3 ring mail (worn)
 i - a +2 pair of gloves (worn)
Wands
 l - a wand of acid (6)
 o - a wand of paralysis (1)
Scrolls
 b - a scroll of blinking {unknown}
 f - 3 scrolls of identify {unknown}
 g - a scroll of immolation {unknown}
 h - 6 scrolls of teleportation {unknown}
 j - a scroll of magic mapping {unknown}
 m - a scroll of fog {unknown}
 n - 2 scrolls of amnesia {unknown}
 p - a scroll of vulnerability {unknown}
Potions
 d - a potion of might
 r - a potion of brilliance


   Skills:
 - Level 3.0 Fighting
 - Level 7.8 Axes
 - Level 2.4 Armour
 - Level 2.4 Shields
 + Level 3.5 Invocations


You had 6 spell levels left.
You didn't know any spells.
Your spell library contained the following spells:

 Spells                   Type           Power      Damage    Failure   Level
 Sandblast                Erth           0%         2d4       54%         1
 Ensorcelled Hibernation  Hex/Ice        0%         N/A       69%         2
 Mephitic Cloud           Conj/Pois/Air  0%         N/A       89%         3
 Tukima's Dance           Hex            0%         N/A       89%         3
 Olgreb's Toxic Radiance  Pois           0%         N/A       100%        4


Dungeon Overview and Level Annotations

Branches:
Dungeon (6/15)             Temple (1/1) D:6

Altars:
Ashenzari
Cheibriados
Dithmenos
Elyvilon
Fedhas
Gozag
Hepliaklqana
Kikubaaqudgha
Okawaru
Qazlal
Ru
Sif Muna
Trog
Uskayaw
Vehumet
Wu Jian
Yredelemnul
Zin
The Shining One

Annotations:
D:5 vault


Innate Abilities, Weirdness & Mutations

Your serpentine skin is tough. (AC +2)
You have supernaturally acute eyesight. (SInv)
Armour fits poorly on your strangely shaped body.
Your system is resistant to poisons. (rPois)
You cover ground very slowly.
You can spit poison.
You have a snake-like lower body.
You are agile. (Dex +2)
You are somewhat resistant to further mutation.


Message History

The water moccasin bites you.
* * * LOW HITPOINT WARNING * * *
You are poisoned.
The water moccasin poisons you!
Huge Dmg: -10%(-6hp) hp: 23%(14hp)
You closely miss the water moccasin.
The water moccasin is severely wounded.
You feel very sick.
The water moccasin bites you but does no damage. x2
Huge Dmg: -5%(-3hp) hp: 18%(11hp) It was a potion of brilliance.
You feel clever all of a sudden.
You feel sick. The water moccasin bites you.
* * * LOW HITPOINT WARNING * * *
Huge Dmg: -5%(-3hp) hp: 13%(8hp) It was a potion of magic.
Magic courses through your body.
You feel sick. The water moccasin bites you.
* * * LOW HITPOINT WARNING * * *
The water moccasin completely misses you.
Huge Dmg: -6%(-4hp) hp: 7%(4hp)
Aiming: Paralyse
Press: ? - help, Shift-Dir - straight line, f/p - water moccasin
Aim: a water moccasin (severely wounded, chance to affect: 46%)
The water moccasin resists with some effort.
* * * LOW HITPOINT WARNING * * *
You feel sick. The water moccasin barely misses you.
Huge Dmg: -3%(-2hp) hp: 4%(2hp)
Aiming: Paralyse
Press: ? - help, Shift-Dir - straight line, f/p - water moccasin
Aim: a water moccasin (severely wounded, chance to affect: 46%)
The water moccasin suddenly stops moving!
* * * LOW HITPOINT WARNING * * *
You feel sick.
Huge Dmg: -2%(-1hp) hp: 2%(1hp)
Okay, then.
Unknown command.
The helpless water moccasin fails to defend itself.
You hit the water moccasin.
The water moccasin is almost dead.
You die...

# #############
.....#......##
.....#.......#
....)#)......#
.....')......#
.....#.##...#########
.#'###########.##...#####
.#.........[.....@S......
.#.......................
.#.......................
.###+####.##...##....##..
......###+##..(##....# .
................#......
....##.##.##.##.#.......
....#.........#.#.......
................#


You could see a water moccasin (paralysed).

Vanquished Creatures
  Eustachio (D:6)
  A black bear (D:5)
  A phantom (D:6)
  A scorpion (D:5)
  2 hounds (D:5)
  A centaur skeleton (D:4)
  A bullfrog skeleton (D:6)
  4 iguanas
  A hound skeleton (D:4)
  5 adders
  A gnoll (D:1)
  An adder skeleton (D:4)
  A worm (D:2)
  A dart slug (D:3)
  12 orcs
  3 bats
  15 endoplasms
  2 giant cockroaches
  5 goblins
  8 hobgoblins
  3 jackals (D:1)
  6 kobolds
  5 quokkas
  2 ball pythons
  4 frilled lizards (D:1)
  4 rats
91 creatures vanquished.

Vanquished Creatures (others)
  2 plants
2 creatures vanquished.

Grand Total: 93 creatures vanquished

Notes
Turn   | Place    | Note
-------+----------+-------------------------------------------
     0 | D:1      | RepHenryClay the Naga Fighter began the quest for the Orb.
     0 | D:1      | Reached XP level 1. HP: 21/21 MP: 1/1
   296 | D:1      | Found a faded altar of an unknown god.
   470 | D:1      | Reached XP level 2. HP: 24/28 MP: 2/2
   573 | D:1      | Reached skill level 3 in Axes
   574 | D:1      | Reached XP level 3. HP: 5/34 MP: 3/3
  1500 | D:2      | Reached skill level 4 in Axes
  1606 | D:2      | Reached XP level 4. HP: 39/42 MP: 4/4
  1651 | D:2      | Found a blossoming altar of Fedhas.
  2523 | D:3      | Found a shadowy altar of Dithmenos.
  2846 | D:4      | Reached skill level 5 in Axes
  2846 | D:4      | Reached XP level 5. HP: 35/49 MP: 5/5
  3659 | D:5      | Entered Level 5 of the Dungeon
  3749 | D:5      | Reached skill level 6 in Axes
  3749 | D:5      | Reached XP level 6. HP: 9/56 MP: 6/6
  4246 | D:5      | Noticed a black bear
  4266 | D:5      | Gained mutation: You are somewhat resistant to further
                  | mutation. [potion of mutation]
  4266 | D:5      | Gained mutation: You are agile. (Dex +2) [potion of
                  | mutation]
  4266 | D:5      | HP: 4/84 [black bear (6)]
  4269 | D:5      | Killed a black bear
  4270 | D:5      | Reached skill level 7 in Axes
  4270 | D:5      | Reached XP level 7. HP: 4/62 MP: 7/7
  5155 | D:6      | Got the Compendium of Envenoming and the Rocks
  5177 | D:6      | Found a staircase to the Ecumenical Temple.
  5189 | Temple   | Entered the Ecumenical Temple
  5404 | Temple   | Became a worshipper of Cheibriados the Contemplative
  5544 | D:6      | Reached skill level 1 in Invocations
  5715 | D:6      | Noticed Eustachio
  5739 | D:6      | Killed Eustachio
  5965 | D:6      | HP: 2/62 [poisoned by a water moccasin]
  5967 | D:6      | Succumbed to a water moccasin's poison

Illustrated notes

Levels and vault maps discovered:
D:1:      shiori_arrival_oz, layout_basic, hellmonk_ecumenical_altar_run_dry
D:2:      layout_basic, basic_altar, minmay_misc_feat_pillars, minmay_cupped
D:3:      layout_loops_ring, mainiacjoe_overflow_brackets, serial_bayou_pond_a
D:4:      layout_rooms, grunt_ministairs_14
D:5:      layout_cave_pools, solitary_fountain, grunt_decor_mini_mirrors,
          serial_bayou_ford_a, lemuel_flame_loot_1
D:6:      layout_gridville, minmay_temple_entry_large_hall, uniq_eustachio
Temple:   eino_narrow_crystal_temple

Skill      XL: |  1  2  3  4  5  6  7 |
---------------+----------------------+-----
Axes           | 3 4 5 6 7 |  7.8
Invocations    | 3 |  3.5
Fighting       | |  3.0
Armour         | |  2.4
Shields        | |  2.4

Action                   |  1- 3 |  4- 6 |  7- 9 || total
-------------------------+-------+-------+-------++-------
Melee: War axe           |   101 |   183 |    60 ||   344
Throw: Dart              |       |     8 |     4 ||    12
 Abil: Spit Poison       |     3 |    17 |     8 ||    28
Evoke: Wand              |       |       |     4 ||     4
  Use: Potion            |       |     5 |     2 ||     7
 Stab: Paralysed         |       |       |     1 ||     1
Armor: Scale mail        |    14 |       |       ||    14
       Ring mail         |    41 |   113 |    36 ||   190
       Skin              |       |    13 |       ||    13
Dodge: Dodged            |    40 |   103 |    30 ||   173
Block: Buckler           |    17 |    39 |    23 ||    79

Table legend: (Time is in decaauts)
 A = Elapsed time spent in this place.
 B = Non-inter-level travel time spent in this place.
 C = Inter-level travel time spent in this place.
 D = Time resting spent in this place.
 E = Time spent auto-exploring this place.
 F = Levels seen in this place.
 G = Mean time per level.
                   A        B        C        D        E       F      G
               +--------+--------+--------+--------+--------+-----+--------+
         Total |   7406 |   7137 |    269 |   1700 |   4390 |   7 | 1058.0 |
       Dungeon |   7079 |   6864 |    215 |   1700 |   4133 |   6 | 1179.8 |
        Temple |    327 |    273 |     54 |      0 |    257 |   1 |  327.0 |
               +--------+--------+--------+--------+--------+-----+--------+

Top non-repeatable levels by time:
     D:1: 1738 daAuts
     D:5: 1472 daAuts
     D:3: 1248 daAuts
     D:4: 1093 daAuts
     D:2: 785 daAuts
     D:6: 741 daAuts
  Temple: 327 daAuts
